 Dungeon Crawl Stone Soup version 0.30.0-29-ga12c61a403 (webtiles) character file.

Game seed: 13336742522753180339

12299 qw the Cleaver (level 11, 0/71 HPs)
             Began as a Gargoyle Fighter on June 4, 2023.
             Was an Elder of Okawaru.
             Killed from afar by an oklob plant (32 damage)
             ... with a splash of acid
             ... on level 1 of the Lair of Beasts.
             The game lasted 00:04:45 (11221 turns).

qw the Cleaver (Gargoyle Fighter)                  Turns: 11221, Time: 00:04:46

Health: 0/71       AC: 19    Str: 27    XL:     11   Next: 91%
Magic:  15/15      EV:  9    Int:  9    God:    Okawaru [****..]
Gold:   481        SH:  6    Dex:  8    Spells: 10/10 levels left

rFire   . . .        Y - +4 war axe (venom)
rCold   . . .        c - +0 buckler
rNeg    + . .        p - +0 plate armour
rPois   inf          (helmet restricted)
rElec   +            j - +1 cloak
rCorr   .            g - +0 pair of gloves
SInv    .            l - +1 pair of boots
Will    .....        (no amulet) Stlth
                     (no ring)
HPRegen 0.31/turn    (no ring)
MPRegen 0.14/turn

%: no passive effects
@: heroic, corroded
A: sickness immunity, AC +8, negative energy resistance 1, electricity
resistance, torment resistance 1, petrification resistance, antennae 1, strong
1, subdued magic 1
a: Renounce Religion, Heroism, Finesse


You were on level 1 of the Lair of Beasts.
You worshipped Okawaru.
Okawaru was greatly pleased with you.
You visited 3 branches of the dungeon, and saw 12 of its levels.

You collected 705 gold pieces.
You spent 224 gold pieces at shops.


Innate Abilities, Weirdness & Mutations

You are immune to sickness and miasma.
Your stone body is resilient. (AC +8)
You are immune to poison.
You resist negative energy. (rN+)
You are resistant to electric shocks. (rElec)
You are resistant to unholy torment.
You are immune to petrification.
You have a pair of small antennae on your head.
Your muscles are strong. (Str +4, Int/Dex -1)
Your spells are a little easier to cast, but a little less powerful.


   Skills:
 - Level 9.0(14.0) Fighting
 - Level 12.0(17.0) Axes
 - Level 3.1(8.1) Throwing
 + Level 8.7(13.7) Armour
 - Level 2.2(7.2) Dodging
 - Level 5.3(10.3) Shields
 + Level 6.5 Invocations


You had 10 spell levels left.
You didn't know any spells.
Your spell library was empty.

Inventory:

Hand Weapons
 b - a +2 war axe of flaming
 Y - a +4 war axe of venom (weapon)
Missiles
 f - 5 boomerangs of dispersal
 m - 8 javelins (quivered)
 o - 10 boomerangs
Armour
 c - a +0 buckler (worn)
 g - a +0 pair of gloves (worn)
 j - a +1 cloak (worn)
 l - a +1 pair of boots (worn)
 p - a +0 plate armour (worn)
Jewellery
 r - an amulet of regeneration
Scrolls
 h - a scroll of silence {unknown}
 n - 3 scrolls of identify
Potions
 a - 2 potions of magic
 d - 2 potions of might
 e - 2 potions of attraction
 i - 2 potions of haste
 k - 3 potions of curing
 q - 3 potions of mutation
 s - a potion of heal wounds

Dungeon Overview and Level Annotations

Branches:
Dungeon (10/15)            Temple (1/1) D:7            Lair (1/5) D:10
    Orc (0/2) D:10

Altars:
Ashenzari
Cheibriados
Dithmenos
Elyvilon
Fedhas
Gozag
Hepliaklqana
Kikubaaqudgha
Makhleb
Nemelex Xobeh
Okawaru
Qazlal
Ru
Sif Muna
Trog
Uskayaw
Vehumet
Wu Jian
Xom
Yredelemnul
Zin
The Shining One

Shops:
D:7 [

Annotations:
D:10 1 runed translucent door


Message History

You hit the oklob plant.
The oklob plant looks as sick as possible!
The oklob plant is heavily damaged.
You hit the oklob plant but do no damage.
The oklob plant is heavily damaged.
You hit the oklob plant but do no damage.
The oklob plant is heavily damaged.
You slice the oklob plant!!
The oklob plant is almost destroyed.
The oklob plant spits acid at you. The splash of acid hits you!
You hit the oklob plant.
The oklob plant is almost destroyed.
You hit the oklob plant.
You destroy the oklob plant!
Okawaru accepts your kill.
You slash the oklob plant!
The oklob plant is lightly damaged.
You hit the oklob plant but do no damage.
The oklob plant is lightly damaged.
The oklob plant spits acid at you. The splash of acid hits you!
You slice the oklob plant!!
The oklob plant is heavily damaged.
You hit the oklob plant but do no damage.
The oklob plant is heavily damaged.
The oklob plant spits acid at you.
The splash of acid hits you but does no damage.
The acid corrodes you!
You hit the oklob plant.
The oklob plant is heavily damaged.
The oklob plant spits acid at you. The splash of acid hits you.
You slash the oklob plant!
The oklob plant is poisoned.
The oklob plant is severely damaged.
You hit the oklob plant but do no damage.
The oklob plant is severely damaged.
The oklob plant spits acid at you. The splash of acid hits you!!
You die...

#####...# ####
#...########.#.. .....
#...##(..###.............##
.....
#......................###
......
.....................###
......
........................
.###..
.............##......... >#
.. .............##.........
.# ...#P..#.........#P....
.# . #?)@#..#....#####.#.
.. #(P.#..# #### #### .
#?.$#..## # #####...# ####
#.#..# ###...
###..#######....#
##.........#P##
#......###### ########


You could see an oklob plant (very poisoned).

Vanquished Creatures
  Erolcha (D:9)
  2 two-headed ogres
  Pikel (D:5)
  An oklob plant (Lair:1)
  A black mamba (Lair:1)
  Maggie (D:7)
  2 komodo dragons (Lair:1)
  A troll (D:7)
  Prince Ribbit (D:5)
  5 blink frogs (Lair:1)
  Grinder (D:4)
  Sigmund (D:4)
  2 shadows
  2 wyverns (D:10)
  14 yaks
  A basilisk (D:10)
  A steam dragon (D:6)
  Menkaure (D:4)
  A two-headed ogre zombie (D:10)
  6 water moccasins
  An orc warrior (D:8)
  2 black bears
  An ice beast (D:6)
  An ogre (D:7)
  3 centaurs
  3 lemures (D:5)
  2 phantoms (D:10)
  3 kobold brigands
  4 bullfrogs
  3 scorpions (D:5)
  11 killer bees
  A troll zombie (D:10)
  4 howler monkeys
  7 electric eels
  2 orc priests
  A hound (D:6)
  A jelly (D:4)
  4 iguanas
  Natasha (thrice) (D:2)
  Terence (D:3)
  4 orc wizards
  6 ogre zombies (D:10)
  5 adders
  3 white imps
  An ufetubus (D:5)
  A worm (D:3)
  5 dart slugs
  16 orcs
  5 ball pythons
  3 bats
  7 endoplasms
  6 giant cockroaches
  11 goblins
  9 hobgoblins
  2 jackals (D:1)
  5 quokkas
  2 frilled lizards (D:1)
  3 goblin zombies (D:10)
  A hobgoblin skeleton (D:10)
  4 hobgoblin zombies (D:10)
  A jackal zombie (D:10)
  16 kobolds
  2 orc skeletons (D:10)
  14 orc zombies (D:10)
  5 rats
241 creatures vanquished.

Notes
Turn   | Place    | Note
-------+----------+-------------------------------------------
     0 | D:1      | qw the Gargoyle Fighter began the quest for the Orb.
     0 | D:1      | Reached XP level 1. HP: 14/14 MP: 1/1
     0 | D:1      | 0 ||| qw: Version: 0.2-a-107-g4668610
     0 | D:1      | 0 ||| qw: Game counter: 1193
     0 | D:1      | 0 ||| qw: Always use a shield: true
     0 | D:1      | 0 ||| qw: God list: Okawaru
     0 | D:1      | 0 ||| qw: Allow faded altars: false
     0 | D:1      | 0 ||| qw: Do Orc after D:15 true
     0 | D:1      | 0 ||| qw: Do second Lair branch before Depths: true
     0 | D:1      | 0 ||| qw: Lair rune preference: random
     0 | D:1      | 0 ||| qw: Plans: Normal, Zot:1-4, Slime:5, God:TSO, Crypt,
                  | Tomb, Abyss, Pan, Hells, Win
     0 | D:1      | 0 ||| PLANNING D:1-11
     6 | D:1      | 6 ||| Stepping ~*~*~tactically~*~*~ (stealth).
    14 | D:1      | Reached skill level 2 in Axes
    48 | D:1      | 48 ||| Stepping ~*~*~tactically~*~*~ (stealth).
   133 | D:1      | 133 ||| Stepping ~*~*~tactically~*~*~ (hiding).
   140 | D:1      | Reached XP level 2. HP: 19/19 MP: 2/2
   341 | D:1      | 341 ||| Stepping ~*~*~tactically~*~*~ (stealth).
   600 | D:1      | Reached skill level 3 in Axes
   612 | D:1      | 612 ||| Stepping ~*~*~tactically~*~*~ (hiding).
   616 | D:1      | 616 ||| Stepping ~*~*~tactically~*~*~ (hiding).
   623 | D:1      | Reached XP level 3. HP: 23/23 MP: 3/3
   828 | D:1      | 828 ||| READING 2 scrolls labelled ZINOAGH HYJAM.
   829 | D:1      | 829 ||| READING scroll labelled MUONAOZAUTSU.
   830 | D:1      | 830 ||| DRINKING 2 lumpy puce potions.
   831 | D:1      | 831 ||| DROPPING scroll of magic mapping.
  1044 | D:2      | 1044 ||| SWAPPING to +1 heavy war axe.
  1047 | D:2      | 1047 ||| DROPPING +0 war axe.
  1153 | D:2      | Noticed Natasha
  1156 | D:2      | Killed Natasha
  1157 | D:2      | Reached XP level 4. HP: 22/28 MP: 4/4
  1190 | D:2      | 1190 ||| Stepping ~*~*~tactically~*~*~ (hiding).
  1327 | D:2      | Reached skill level 4 in Axes
  1359 | D:2      | 1359 ||| Stepping ~*~*~tactically~*~*~ (stealth).
  1478 | D:2      | Found a glowing golden altar of the Shining One.
  1478 | D:2      | Noticed Natasha
  1479 | D:2      | 1479 ||| FLEEEEING.
  1483 | D:2      | 1483 ||| FLEEEEING.
  1487 | D:2      | Killed Natasha
  1545 | D:2      | Reached XP level 5. HP: 32/32 MP: 5/5
  1566 | D:2      | Noticed Natasha
  1572 | D:2      | Killed Natasha
  1640 | D:2      | 1640 ||| Stepping ~*~*~tactically~*~*~ (hiding).
  1932 | D:2      | 1932 ||| READING scroll labelled QINONUVYXA.
  1933 | D:2      | 1933 ||| READING scroll labelled ZUJASOU UL VEFF.
  1934 | D:2      | 1934 ||| READING scroll labelled KIGRYH HOISSO.
  1935 | D:2      | 1935 ||| READING 3 scrolls labelled EWKEOX VIDY.
  1936 | D:2      | 1936 ||| READING 2 scrolls of identify.
  1936 | D:2      | 1936 ||| IDENTIFYING glowing green potion
  1937 | D:2      | 1937 ||| DROPPING potion of brilliance.
  1965 | D:3      | Noticed Terence
  1968 | D:3      | Killed Terence
  1969 | D:3      | Reached skill level 5 in Axes
  2113 | D:3      | Found a snail-covered altar of Cheibriados.
  2133 | D:3      | Found an ornate altar of the Wu Jian Council.
  2136 | D:3      | Found a stormy altar of Qazlal.
  2149 | D:3      | Found a broken altar of Ashenzari.
  2846 | D:3      | 2846 ||| UPGRADING to +0 chain mail.
  2856 | D:3      | 2856 ||| DROPPING +0 scale mail.
  2857 | D:3      | 2857 ||| UPGRADING to +0 pair of boots.
  2862 | D:3      | 2862 ||| READING 3 scrolls labelled IRINEM VUISKE.
  2865 | D:3      | 2865 ||| READING scroll labelled IMODGHA VIKKYTT.
  2866 | D:3      | 2866 ||| READING 3 scrolls of identify.
  2866 | D:3      | 2866 ||| IDENTIFYING amethyst potion
  2867 | D:3      | 2867 ||| READING 2 scrolls of identify.
  2867 | D:3      | 2867 ||| IDENTIFYING fizzy orange potion
  2868 | D:3      | 2868 ||| DROPPING potion of invisibility.
  2885 | D:4      | 2885 ||| READING scroll of enchant weapon.
  2885 | D:4      | 2885 ||| ENCHANTING +2 heavy war axe.
  3041 | D:4      | Noticed Grinder
  3047 | D:4      | 3047 ||| Stepping ~*~*~tactically~*~*~ (stealth).
  3051 | D:4      | Killed Grinder
  3052 | D:4      | Reached skill level 6 in Axes
  3052 | D:4      | Reached XP level 6. HP: 38/38 MP: 6/6
  3052 | D:4      | 3052 ||| Stepping ~*~*~tactically~*~*~ (stealth).
  3168 | D:4      | 3168 ||| Stepping ~*~*~tactically~*~*~ (stealth).
  3369 | D:4      | 3369 ||| Stepping ~*~*~tactically~*~*~ (stealth).
  3407 | D:4      | 3407 ||| Stepping ~*~*~tactically~*~*~ (stealth).
  3408 | D:4      | 3408 ||| Stepping ~*~*~tactically~*~*~ (stealth).
  3429 | D:4      | Noticed Menkaure
  3430 | D:4      | 3430 ||| Stepping ~*~*~tactically~*~*~ (hiding).
  3435 | D:4      | Killed Menkaure
  3436 | D:4      | Reached XP level 7. HP: 39/43 MP: 7/7
  3596 | D:4      | Noticed Sigmund
  3606 | D:4      | Killed Sigmund
  3689 | D:4      | Reached skill level 7 in Axes
  3704 | D:4      | 3704 ||| READING scroll labelled ATAPIPROFFI.
  3705 | D:4      | 3705 ||| READING scroll labelled VOETTI CUBBEOR.
  3706 | D:4      | 3706 ||| DRINKING 2 puce potions.
  3712 | D:4      | 3712 ||| READING 3 scrolls of identify.
  3712 | D:4      | 3712 ||| IDENTIFYING sedimented purple potion
  3713 | D:4      | 3713 ||| READING 2 scrolls of identify.
  3713 | D:4      | 3713 ||| IDENTIFYING bubbling blue potion
  3714 | D:4      | 3714 ||| DROPPING potion of ambrosia.
  3715 | D:4      | 3715 ||| DROPPING potion of berserk rage.
  3740 | D:5      | Entered Level 5 of the Dungeon
  3766 | D:5      | Reached XP level 8. HP: 48/48 MP: 8/8
  3785 | D:5      | 3785 ||| Stepping ~*~*~tactically~*~*~ (hiding).
  3842 | D:5      | 3842 ||| Stepping ~*~*~tactically~*~*~ (stealth).
  3930 | D:5      | Noticed Prince Ribbit
  3937 | D:5      | Killed Prince Ribbit
  3938 | D:5      | Reached skill level 8 in Axes
  3949 | D:5      | 3949 ||| FLEEEEING.
  4056 | D:5      | Noticed Pikel
  4067 | D:5      | Killed Pikel
  4068 | D:5      | Reached XP level 9. HP: 29/57 MP: 9/9
  4166 | D:5      | 4166 ||| DROPPING +0 mace.
  4393 | D:5      | Reached skill level 1 in Throwing
  4520 | D:5      | HP: 14/57 [electric eel/bolt of electricity (2)]
  4521 | D:5      | 4521 ||| READING 2 scrolls of teleportation.
  4522 | D:5      | 4522 ||| DRINKING potion of heal wounds.
  4698 | D:5      | 4698 ||| FLEEEEING.
  4699 | D:5      | 4699 ||| FLEEEEING.
  4700 | D:5      | 4700 ||| FLEEEEING.
  4701 | D:5      | 4701 ||| FLEEEEING.
  4702 | D:5      | 4702 ||| FLEEEEING.
  4703 | D:5      | 4703 ||| FLEEEEING.
  4704 | D:5      | 4704 ||| FLEEEEING.
  4705 | D:5      | 4705 ||| FLEEEEING.
  4706 | D:5      | 4706 ||| FLEEEEING.
  4707 | D:5      | 4707 ||| FLEEEEING.
  4708 | D:5      | 4708 ||| FLEEEEING.
  4709 | D:5      | 4709 ||| FLEEEEING.
  4710 | D:5      | 4710 ||| FLEEEEING.
  4712 | D:5      | 4712 ||| Stepping ~*~*~tactically~*~*~ (hiding).
  4954 | D:5      | 4954 ||| FLEEEEING.
  4955 | D:5      | 4955 ||| FLEEEEING.
  4956 | D:5      | 4956 ||| FLEEEEING.
  5033 | D:5      | 5033 ||| Stepping ~*~*~tactically~*~*~ (stealth).
  5043 | D:5      | 5043 ||| FLEEEEING.
  5044 | D:5      | 5044 ||| FLEEEEING.
  5045 | D:5      | 5045 ||| FLEEEEING.
  5046 | D:5      | 5046 ||| FLEEEEING.
  5242 | D:5      | 5242 ||| Stepping ~*~*~tactically~*~*~ (stealth).
  5246 | D:5      | 5246 ||| FLEEEEING.
  5247 | D:5      | 5247 ||| FLEEEEING.
  5248 | D:5      | 5248 ||| FLEEEEING.
  5292 | D:5      | 5292 ||| FLEEEEING.
  5293 | D:5      | 5293 ||| FLEEEEING.
  5294 | D:5      | 5294 ||| FLEEEEING.
  5369 | D:5      | 5369 ||| DROPPING orb of wrath.
  5370 | D:5      | 5370 ||| READING 3 scrolls labelled BARAMO HIOHA.
  5371 | D:5      | 5371 ||| READING scroll labelled OBAGRAXKUO.
  5372 | D:5      | 5372 ||| DRINKING 2 yellow potions.
  5373 | D:5      | 5373 ||| DRINKING 3 fizzy silvery potions.
  5373 | D:5      | Gained mutation: Your muscles are strong. (Str +4, Int/Dex
                  | -1) [potion of mutation]
  5373 | D:5      | Gained mutation: Your spells are a little easier to cast,
                  | but a little less powerful. [potion of mutation]
  5373 | D:5      | Gained mutation: You have a pair of small antennae on your
                  | head. [potion of mutation]
  5374 | D:5      | 5374 ||| READING 2 scrolls of identify.
  5374 | D:5      | 5374 ||| IDENTIFYING orange potion
  5375 | D:5      | 5375 ||| DROPPING 2 scrolls of amnesia.
  5376 | D:5      | 5376 ||| DROPPING potion of flight.
  5442 | D:6      | 5442 ||| Stepping ~*~*~tactically~*~*~ (hiding).
  5447 | D:6      | Reached skill level 9 in Axes
  5451 | D:6      | 5451 ||| Stepping ~*~*~tactically~*~*~ (hiding).
  5559 | D:6      | 5559 ||| DROPPING +1 whip of flaming.
  5675 | D:6      | 5675 ||| Stepping ~*~*~tactically~*~*~ (stealth).
  5683 | D:6      | 5683 ||| Stepping ~*~*~tactically~*~*~ (stealth).
  5739 | D:6      | 5739 ||| Stepping ~*~*~tactically~*~*~ (cloud).
  5983 | D:6      | 5983 ||| READING 2 scrolls labelled LUOSMEADAL.
  5984 | D:6      | 5984 ||| DRINKING 2 murky cyan potions.
  5985 | D:6      | 5985 ||| DROPPING scroll of vulnerability.
  6034 | D:7      | 6034 ||| READING scroll of enchant armour.
  6034 | D:7      | 6034 ||| ENCHANTING +0 pair of boots.
  6110 | D:7      | HP: 1/57 [ogre/+0 giant spiked club (25)]
  6111 | D:7      | 6111 ||| READING 2 scrolls of teleportation.
  6371 | D:7      | Noticed a troll
  6377 | D:7      | HP: 13/57 [troll (4)]
  6378 | D:7      | 6378 ||| READING 2 scrolls of teleportation.
  6378 | D:7      | HP: 4/57 [troll (4)]
  6379 | D:7      | Killed a troll
  6452 | D:7      | 6452 ||| Stepping ~*~*~tactically~*~*~ (stealth).
  6456 | D:7      | 6456 ||| Stepping ~*~*~tactically~*~*~ (stealth).
  6460 | D:7      | 6460 ||| Stepping ~*~*~tactically~*~*~ (stealth).
  6461 | D:7      | 6461 ||| Stepping ~*~*~tactically~*~*~ (stealth).
  6462 | D:7      | 6462 ||| Stepping ~*~*~tactically~*~*~ (stealth).
  6463 | D:7      | 6463 ||| Stepping ~*~*~tactically~*~*~ (stealth).
  6482 | D:7      | 6482 ||| Stepping ~*~*~tactically~*~*~ (stealth).
  6483 | D:7      | 6483 ||| FLEEEEING.
  6484 | D:7      | 6484 ||| FLEEEEING.
  6485 | D:7      | 6485 ||| FLEEEEING.
  6486 | D:7      | 6486 ||| FLEEEEING.
  6487 | D:7      | 6487 ||| FLEEEEING.
  6488 | D:7      | 6488 ||| FLEEEEING.
  6489 | D:7      | 6489 ||| FLEEEEING.
  6490 | D:7      | 6490 ||| FLEEEEING.
  6491 | D:7      | 6491 ||| FLEEEEING.
  6492 | D:7      | 6492 ||| FLEEEEING.
  6493 | D:7      | 6493 ||| FLEEEEING.
  6494 | D:7      | 6494 ||| FLEEEEING.
  6497 | D:7      | 6497 ||| FLEEEEING.
  6498 | D:7      | 6498 ||| FLEEEEING.
  6500 | D:7      | 6500 ||| FLEEEEING.
  6501 | D:7      | 6501 ||| FLEEEEING.
  6502 | D:7      | 6502 ||| FLEEEEING.
  6503 | D:7      | 6503 ||| FLEEEEING.
  6504 | D:7      | 6504 ||| FLEEEEING.
  6505 | D:7      | 6505 ||| FLEEEEING.
  6506 | D:7      | 6506 ||| FLEEEEING.
  6507 | D:7      | 6507 ||| FLEEEEING.
  6508 | D:7      | 6508 ||| FLEEEEING.
  6509 | D:7      | 6509 ||| FLEEEEING.
  6510 | D:7      | 6510 ||| FLEEEEING.
  6511 | D:7      | 6511 ||| FLEEEEING.
  6512 | D:7      | 6512 ||| FLEEEEING.
  6513 | D:7      | 6513 ||| FLEEEEING.
  6514 | D:7      | 6514 ||| FLEEEEING.
  6515 | D:7      | 6515 ||| FLEEEEING.
  6516 | D:7      | 6516 ||| FLEEEEING.
  6518 | D:7      | 6518 ||| FLEEEEING.
  6519 | D:7      | 6519 ||| STAIRDANCE
  6613 | D:7      | Noticed Maggie
  6615 | D:7      | 6615 ||| FLEEEEING.
  6624 | D:7      | HP: 12/57 [Maggie/+0 war axe (4)]
  6625 | D:7      | 6625 ||| READING scroll of teleportation.
  6627 | D:7      | Killed Maggie
  6628 | D:7      | Reached skill level 10 in Axes
  6628 | D:7      | Reached XP level 10. HP: 14/63 MP: 10/10
  6822 | D:7      | Found a staircase to the Ecumenical Temple.
  6823 | D:7      | 6823 ||| PLANNING TEMPLE
  6830 | Temple   | Entered the Ecumenical Temple
  6887 | Temple   | 6887 ||| PLANNING OKAWARU WORSHIP
  6976 | Temple   | Became a worshipper of Warmaster Okawaru
  6976 | Temple   | 6976 ||| PLANNING D:1-11
  7030 | D:7      | 7030 ||| Stepping ~*~*~tactically~*~*~ (hiding).
  7031 | D:7      | 7031 ||| Stepping ~*~*~tactically~*~*~ (hiding).
  7058 | D:7      | Found Ygoep's Armour Emporium.
  7068 | D:7      | 7068 ||| BUYING +0 pair of gloves (63 gold).
  7068 | D:7      | Bought a +0 pair of gloves for 63 gold pieces
  7068 | D:7      | 7068 ||| BUYING +1 cloak (161 gold).
  7068 | D:7      | Bought a +1 cloak for 161 gold pieces
  7068 | D:7      | 7068 ||| SHOPLISTING +2 scale mail of cold resistance (294
                  | gold, have 201).
  7255 | D:7      | 7255 ||| Stepping ~*~*~tactically~*~*~ (hiding).
  7256 | D:7      | 7256 ||| Stepping ~*~*~tactically~*~*~ (hiding).
  7257 | D:7      | 7257 ||| Stepping ~*~*~tactically~*~*~ (hiding).
  7386 | D:7      | 7386 ||| UPGRADING to +0 pair of gloves.
  7391 | D:7      | 7391 ||| UPGRADING to +1 cloak.
  7396 | D:7      | 7396 ||| READING scroll labelled MUTAIRCHISKE.
  7425 | D:8      | 7425 ||| FLEEEEING.
  7448 | D:8      | 7448 ||| FLEEEEING.
  7449 | D:8      | 7449 ||| FLEEEEING.
  7450 | D:8      | 7450 ||| FLEEEEING.
  7451 | D:8      | 7451 ||| FLEEEEING.
  7452 | D:8      | 7452 ||| FLEEEEING.
  7453 | D:8      | 7453 ||| STAIRDANCE
  8134 | D:8      | 8134 ||| UPGRADING to +0 plate armour.
  8144 | D:8      | 8144 ||| DROPPING +0 chain mail.
  8145 | D:8      | 8145 ||| DRINKING 3 murky silvery potions.
  8146 | D:8      | 8146 ||| DROPPING 2 potions of degeneration.
  8197 | D:9      | 8197 ||| Stepping ~*~*~tactically~*~*~ (stealth).
  8199 | D:9      | 8199 ||| Stepping ~*~*~tactically~*~*~ (hiding).
  8201 | D:9      | 8201 ||| Stepping ~*~*~tactically~*~*~ (hiding).
  8326 | D:9      | Found an ancient bone altar of Kikubaaqudgha.
  8547 | D:9      | 8547 ||| Stepping ~*~*~tactically~*~*~ (stealth).
  8548 | D:9      | 8548 ||| Stepping ~*~*~tactically~*~*~ (stealth).
  8574 | D:9      | Noticed a two-headed ogre
  8586 | D:9      | HP: 4/64 [two-headed ogre/+0 giant club (14)]
  8587 | D:9      | 8587 ||| DRINKING 2 potions of heal wounds.
  8588 | D:9      | Killed a two-headed ogre
  8588 | D:9      | Reached * piety under Okawaru
  8709 | D:9      | Noticed Erolcha
  8710 | D:9      | 8710 ||| Stepping ~*~*~tactically~*~*~ (hiding).
  8711 | D:9      | 8711 ||| Stepping ~*~*~tactically~*~*~ (hiding).
  8714 | D:9      | 8714 ||| INVOKING Heroism.
  8723 | D:9      | Killed Erolcha
  8723 | D:9      | Reached ** piety under Okawaru
  8724 | D:9      | Reached skill level 3 in Throwing
  8728 | D:9      | 8728 ||| FLEEEEING.
  8867 | D:9      | 8867 ||| Stepping ~*~*~tactically~*~*~ (hiding).
  8869 | D:9      | 8869 ||| Stepping ~*~*~tactically~*~*~ (hiding).
  8944 | D:9      | Reached skill level 3 in Invocations
  9005 | D:9      | Found a hazy altar of Hepliaklqana.
  9265 | D:10     | Entered Level 10 of the Dungeon
  9288 | D:10     | 9288 ||| Stepping ~*~*~tactically~*~*~ (stealth).
  9309 | D:10     | 9309 ||| Stepping ~*~*~tactically~*~*~ (stealth).
  9310 | D:10     | 9310 ||| Stepping ~*~*~tactically~*~*~ (stealth).
  9362 | D:10     | 9362 ||| Stepping ~*~*~tactically~*~*~ (stealth).
  9364 | D:10     | 9364 ||| Stepping ~*~*~tactically~*~*~ (stealth).
  9365 | D:10     | 9365 ||| Stepping ~*~*~tactically~*~*~ (stealth).
  9385 | D:10     | Found a staircase to the Orcish Mines.
  9387 | D:10     | 9387 ||| Stepping ~*~*~tactically~*~*~ (stealth).
  9389 | D:10     | 9389 ||| Stepping ~*~*~tactically~*~*~ (stealth).
  9392 | D:10     | 9392 ||| Stepping ~*~*~tactically~*~*~ (stealth).
  9401 | D:10     | 9401 ||| Stepping ~*~*~tactically~*~*~ (stealth).
  9410 | D:10     | Reached skill level 11 in Axes
  9410 | D:10     | Reached XP level 11. HP: 51/68 MP: 14/14
  9434 | D:10     | 9434 ||| Stepping ~*~*~tactically~*~*~ (stealth).
  9594 | D:10     | Reached *** piety under Okawaru
  9803 | D:10     | Found a runed translucent door.
  9806 | D:10     | Found a basalt altar of Yredelemnul.
  9943 | D:10     | 9943 ||| Stepping ~*~*~tactically~*~*~ (hiding).
  9946 | D:10     | 9946 ||| Stepping ~*~*~tactically~*~*~ (hiding).
  9973 | D:10     | 9973 ||| Stepping ~*~*~tactically~*~*~ (stealth).
 10002 | D:10     | Found a staircase to the Lair.
 10004 | D:10     | Noticed a two-headed ogre
 10005 | D:10     | 10005 ||| INVOKING Heroism.
 10012 | D:10     | Killed a two-headed ogre
 10013 | D:10     | Reached skill level 9 in Fighting
 10228 | D:10     | 10228 ||| PLANNING LAIR
 10269 | Lair:1   | Entered Level 1 of the Lair of Beasts
 10279 | Lair:1   | 10279 ||| INVOKING Heroism.
 10403 | Lair:1   | Found a dark tunnel.
 10423 | Lair:1   | 10423 ||| INVOKING Heroism.
 10463 | Lair:1   | Reached **** piety under Okawaru
 10504 | Lair:1   | 10504 ||| Stepping ~*~*~tactically~*~*~ (stealth).
 10505 | Lair:1   | 10505 ||| Stepping ~*~*~tactically~*~*~ (stealth).
 10506 | Lair:1   | 10506 ||| Stepping ~*~*~tactically~*~*~ (stealth).
 10602 | Lair:1   | 10602 ||| Stepping ~*~*~tactically~*~*~ (stealth).
 10604 | Lair:1   | 10604 ||| Stepping ~*~*~tactically~*~*~ (stealth).
 10776 | Lair:1   | 10776 ||| INVOKING Heroism.
 10788 | Lair:1   | Reached skill level 12 in Axes
 10885 | Lair:1   | 10885 ||| Stepping ~*~*~tactically~*~*~ (stealth).
 10886 | Lair:1   | 10886 ||| INVOKING Heroism.
 10911 | Lair:1   | Reached skill level 6 in Invocations
 11054 | Lair:1   | 11054 ||| READING scroll of enchant weapon.
 11054 | Lair:1   | 11054 ||| ENCHANTING +3 war axe of venom.
 11192 | Lair:1   | Noticed an oklob plant
 11192 | Lair:1   | Noticed an oklob plant
 11193 | Lair:1   | 11193 ||| INVOKING Heroism.
 11213 | Lair:1   | Killed an oklob plant
 11221 | Lair:1   | Killed from afar by an oklob plant

Levels and vault maps discovered:
D:1:      minmay_arrival_up_and_down, layout_loops_cross
D:2:      layout_loops_ring, basic_altar, hangedman_decor_push, st_stairs_5,
          minivault_27, minmay_worlds_worst_comb, uniq_natasha
D:3:      layout_basic, grunt_temple_overflow_cloverleaf, uniq_terence
D:4:      corexii_shack_village, layout_loops_ring, uniq_grinder, uniq_menkaure,
          uniq_sigmund
D:5:      cheibrodos_two_vegetables, layout_rooms, minivault_26, minivault_1,
          uniq_pikel, uniq_prince_ribbit1
D:6:      layout_rooms
D:7:      layout_rooms, minmay_temple_entry_trees, serial_shops,
          nicolae_shop_tiny_waterfront, enter_bailey_3, amethyst_killhole,
          uniq_maggie
D:8:      layout_cave_pods, serial_glass, glass_columns_b, glass_columns_a,
          glass_columns_a, glass_columns_a, glass_columns_c, glass_columns_a,
          chequers_serial_rivers_room_b
D:9:      layout_basic, nicolae_kikubaaqudgha_miasma_corner,
          nicolae_hepliaklqana_hippocampus, uniq_erolcha
D:10:     layout_roguey, dk_yredelemnul_ordeal, david_lair_generic,
          zombieorc2_lemuel
Temple:   regret_index_temple_waves
Lair:1:   minmay_lair_oklob_chamber, layout_hall_layers,
          nicolae_volcano_entry_hallway, fungi_pond_lemuel

Skill      XL: |  1  2  3  4  5  6  7  8  9 10 11 |
---------------+----------------------------------+-----
Axes           | 2 3 4 6 7 8 10 11 12 | 12.0
Fighting       | 4 7 8 9 |  9.0
Dodging        | 2 |  2.2
Throwing       | 2 3 |  3.1
Armour         | 4 7 8 |  8.7
Shields        | 4 5 |  5.3
Invocations    | 4 6 |  6.5

Action                     |  1- 3 |  4- 6 |  7- 9 | 10-12 || total
---------------------------+-------+-------+-------+-------++-------
  Melee: War axe           |    75 |    79 |   148 |   305 ||   607
  Throw: Javelin           |       |       |    21 |    47 ||    68
         Boomerang         |       |       |     1 |    23 ||    24
 Invoke: Heroism           |       |       |       |     7 ||     7
    Use: Scroll            |     2 |    10 |    13 |     2 ||    27
         Potion            |     1 |       |     5 |     2 ||     8
 Armour: Scale mail        |    39 |    25 |       |       ||    64
         Chain mail        |       |    12 |    99 |    27 ||   138
         Plate armour      |       |       |       |   139 ||   139
  Dodge: Dodged            |    33 |    33 |    72 |    81 ||   219
  Block: Buckler           |    15 |     9 |    20 |    40 ||    84

Table legend:
 A = Non-vault XP
 B = Vault XP
 C = Vault XP percentage of total XP
 D = Non-vault monster count
 E = Vault monster count
 F = Vault count percentage of total count
                 A         B        C        D         E       F
            +---------+---------+-------+---------+---------+-------
      Total |   11621 |    5949 |  33.9 |     157 |      81 |  34.0
            +---------+---------+-------+---------+---------+-------
        D:1 |      37 |       0 |   0.0 |      19 |       0 |   0.0
        D:2 |     118 |      51 |  30.2 |      21 |       9 |  30.0
        D:3 |      29 |      36 |  55.4 |       7 |       1 |  12.5
        D:4 |     222 |     692 |  75.7 |       8 |      12 |  60.0
        D:5 |     412 |    1431 |  77.6 |      14 |      11 |  44.0
        D:6 |     501 |       0 |   0.0 |      10 |       0 |   0.0
        D:7 |     881 |     431 |  32.9 |      10 |       5 |  33.3
        D:8 |     544 |       0 |   0.0 |      12 |       0 |   0.0
        D:9 |    1890 |     865 |  31.4 |      21 |       1 |   4.5
       D:10 |    1628 |    1565 |  49.0 |      11 |      40 |  78.4
     Lair:1 |    5359 |     878 |  14.1 |      24 |       2 |   7.7
            +---------+---------+-------+---------+---------+-------
